 Seeded DCSS version 0.24.0-41-g2ae2f7f1be (console) character file.

Game seed: 93891015573, levelgen mode: deterministic

1600 Kagalorn the Chucker (level 9, -11/68 HPs)
             Began as a Human Hunter on Dec 10, 2019.
             Was an Initiate of Cheibriados.
             Blown up by Joseph (29 damage)
             ... with a disintegration bolt
             ... on level 7 of the Dungeon.
             The game lasted 00:19:32 (7061 turns).

Kagalorn the Chucker (Human Hunter)                 Turns: 7061, Time: 00:19:33

Health: -11/68     AC: 10    Str: 13    XL:     9   Next: 15%
Magic:  8/10       EV:  9    Int: 16    God:    Cheibriados [......]
Gold:   38         SH:  0    Dex: 15    Spells: 8/8 levels left

rFire    + . .     SeeInvis +   a - +0 long sword
rCold    + . .     Gourm    .   (no shield)
rNeg     . . .     Faith    .   D - +0 scale mail
rPois    .         Spirit   .   g - +0 helmet
rElec    .         Reflect  .   J - +2 cloak
rCorr    .         Harm     .   (no gloves)
MR       .....                  (no boots)
Stlth    ..........             (no amulet)
HPRegen  0.21/turn              C - ring of protection from cold
MPRegen  0.12/turn              t - ring of Wielij {rF+ SInv}

@: lightly drained, very slow
A: no striking features
a: Bend Time, Renounce Religion


You were on level 7 of the Dungeon.
You worshipped Cheibriados.
Cheibriados was noncommittal.
You were near starving.

You visited 2 branches of the dungeon, and saw 8 of its levels.

You collected 276 gold pieces.
You spent 238 gold pieces at shops.

Inventory:

Hand Weapons
 a - a +0 long sword (weapon)
 b - a +0 hunting sling
 w - a +0 trident
 G - a +1 flail of crushing
Missiles
 c - 6 javelins
 d - 2 throwing nets
 i - 185 stones
 l - 34 sling bullets
 o - 8 poisoned darts (quivered)
Armour
 g - a +0 helmet (worn)
 y - a +0 plate armour
 D - a +0 scale mail (worn)
 J - a +2 cloak (worn)
Jewellery
 t - the ring of Wielij (right hand) {rF+ SInv}
   (You found it on level 5 of the Dungeon)

   [ring of protection from fire]

   It protects you from fire.
   It lets you see invisible.
 x - a +2 ring of dexterity
 z - an uncursed ring of ice
 C - a ring of protection from cold (left hand)
Wands
 A - a wand of paralysis (8)
 F - a wand of acid (8)
Scrolls
 e - a scroll of fear {unknown}
 h - 2 scrolls of enchant weapon {unknown}
 j - 2 scrolls of magic mapping {unknown}
 k - a scroll of random uselessness {unknown}
 n - 4 scrolls of remove curse {unknown}
 q - 5 scrolls of teleportation
 s - 3 scrolls of amnesia {unknown}
 u - a scroll of identify
 E - 2 scrolls of enchant armour
Potions
 p - 4 potions of flight
 r - 3 potions of curing
 v - a potion of ambrosia
 B - a potion of magic
 H - a potion of mutation
 I - 2 potions of agility
 K - a potion of lignification
 L - 2 potions of brilliance
 M - a potion of invisibility {unknown}
Comestibles
 f - 4 rations


   Skills:
 - Level 5.0(4.6) Fighting
 * Level 7.1(6.7) Long Blades
 * Level 7.6(7.2) Throwing
 - Level 2.0(1.6) Dodging
 - Level 1.0(0.7) Stealth
 * Level 2.0(1.7) Invocations


You had 8 spell levels left.
You didn't know any spells.
Your spell library was empty.

Dungeon Overview and Level Annotations

Branches:
Dungeon (7/15)             Temple (1/1) D:5

Altars:
Ashenzari
Cheibriados
Dithmenos
Fedhas
Gozag
Kikubaaqudgha
Makhleb
Okawaru
Qazlal
Ru
Trog
Uskayaw
Vehumet
Wu Jian
Xom
Lugonu

Shops:
D:6 !

Annotations:
D:7 Joseph


Message History

Press: ? - help, Shift-Dir - straight line, f/p - Joseph
Aim: Joseph, wielding a +0 quarterstaff, wearing a +0 leather armour and carrying a wand of disintegration (12) (moderately wounded)
The bolt of acid hits Joseph!
Joseph is splashed with acid.
The acid corrodes Joseph!
Joseph is heavily wounded.
Joseph barely misses you.
You closely miss Joseph.
Joseph is heavily wounded.
Joseph zaps a wand.
You are blasted!
* * * LOW HITPOINT WARNING * * *
You closely miss Joseph.
Joseph is heavily wounded.
Joseph barely misses you.
You feel better. Joseph barely misses you.
Really quaff the potion of lignification?
Okay, then.
You completely miss Joseph.
Joseph is heavily wounded.
Joseph zaps a wand.
You are blasted!
You die...

## #####
#.##.#.#
(.....#
#..#.#
#?...
#..####
#..(@@#
#(##..#
#.##..#
#.##..#
#@#####
... ###


You could see Joseph.

Vanquished Creatures
  Pikel (D:5)
  A sky beast (D:6)
  An ogre (D:5)
  A centaur (D:6)
  A bullfrog (D:6)
  Blork the orc (D:5)
  2 scorpions
  A water moccasin skeleton (D:6)
  2 crimson imps (D:5)
  A hound (D:4)
  An orc priest (D:5)
  3 orc wizards
  2 bullfrog skeletons
  A killer bee zombie (D:5)
  Robin (D:2)
  10 gnolls
  5 adders
  An ooze (D:2)
  6 worms
  4 dart slugs
  3 leopard geckos (D:6)
  19 orcs
  8 giant cockroaches
  11 goblins
  18 hobgoblins
  2 quokkas
  8 bats
  6 frilled lizards
  3 kobolds
  A leopard gecko skeleton (D:5)
  5 rats
130 creatures vanquished.

Vanquished Creatures (others)
  A giant cockroach (D:3)
  A frilled lizard (D:3)
2 creatures vanquished.

Grand Total: 132 creatures vanquished

Notes
Turn   | Place    | Note
-------+----------+-------------------------------------------
     0 | D:1      | Kagalorn the Human Hunter began the quest for the Orb.
     0 | D:1      | Reached XP level 1. HP: 16/16 MP: 1/1
   369 | D:1      | Reached XP level 2. HP: 20/22 MP: 2/2
   558 | D:1      | Reached XP level 3. HP: 16/27 MP: 3/3
   722 | D:2      | Found a faded altar of an unknown god.
   786 | D:2      | Reached skill level 5 in Throwing
   853 | D:2      | Noticed Robin
   876 | D:2      | Killed Robin
   876 | D:2      | Reached XP level 4. HP: 21/33 MP: 4/4
  1423 | D:2      | Reached XP level 5. HP: 31/38 MP: 5/5
  2226 | D:3      | Found a radiant altar of Vehumet.
  2582 | D:3      | Found a shadowy altar of Dithmenos.
  2900 | D:3      | Reached XP level 6. HP: 38/44 MP: 6/6
  2932 | D:3      | Found an ancient bone altar of Kikubaaqudgha.
  3063 | D:3      | Found a bloodstained altar of Trog.
  3562 | D:4      | Reached skill level 1 in Long Blades
  3644 | D:4      | Found a hide-covered altar of Uskayaw.
  3650 | D:4      | Noticed a -2 hand axe
  3650 | D:4      | Noticed a +0 dagger
  3950 | D:5      | Entered Level 5 of the Dungeon
  4232 | D:5      | Noticed a slave
  4234 | D:5      | Noticed Pikel
  4249 | D:5      | Noticed a slave
  4250 | D:5      | Noticed a slave
  4252 | D:5      | Noticed a slave
  4258 | D:5      | Killed Pikel
  4258 | D:5      | Reached XP level 7. HP: 53/53 MP: 7/7
  4258 | D:5      | Reached XP level 8. HP: 60/60 MP: 8/8
  4381 | D:5      | Found a burning altar of Makhleb.
  4407 | D:5      | Reached skill level 5 in Long Blades
  4772 | D:5      | Found a staircase to the Ecumenical Temple.
  4781 | Temple   | Entered the Ecumenical Temple
  4831 | Temple   | Became a worshipper of Cheibriados the Contemplative
  4855 | D:5      | Got a brightly glowing bone ring
  4856 | D:5      | Identified the ring of Wielij {rF+ SInv} (You found it on
                  | level 5 of the Dungeon)
  4863 | D:5      | Noticed Blork the orc
  4876 | D:5      | Killed Blork the orc
  5278 | D:5      | Found a shimmering altar of Xom.
  5492 | D:5      | Found a blossoming altar of Fedhas.
  5666 | D:6      | Reached skill level 1 in Invocations
  5697 | D:6      | Found an ornate altar of the Wu Jian Council.
  5994 | D:6      | Found Ucwymifa's Distillery.
  6013 | D:6      | Reached XP level 9. HP: 60/66 MP: 10/10
  6057 | D:6      | Bought a potion of flight for 42 gold pieces
  6057 | D:6      | Bought a potion of agility for 56 gold pieces
  6057 | D:6      | Bought a potion of curing for 42 gold pieces
  6057 | D:6      | Bought a potion of lignification for 42 gold pieces
  6057 | D:6      | Bought a potion of brilliance for 56 gold pieces
  6572 | D:6      | Reached skill level 5 in Fighting
  6967 | D:7      | Noticed Joseph
  7061 | D:7      | Blown up by Joseph

Levels and vault maps discovered:
D:1:      minmay_arrival_four_houses, layout_loops_ring,
          hangedman_feature_mirror
D:2:      layout_loops_ring, chequers_ecumenical_altar_simple, uniq_robin
D:3:      layout_loops_corners, fiery_altar_vehumet, lemuel_round_altar,
          kiku_gazebo_garden_becter, lemuel_coloured_pillars_altar, first_ration
D:4:      layout_rooms, dancing_weapons_uskayaw, serial_forest,
          infiniplex_forest_zigzag_2, infiniplex_forest_clump_small,
          infiniplex_forest_clump_medium, infiniplex_forest_zigzag_1,
          infiniplex_forest_clump_double
D:5:      layout_basic, lemuel_crystal_altar, kennysheep_mini,
          minmay_temple_entry_mini_moons, basic_altar, uniq_blork_the_orc,
          uniq_pikel
D:6:      layout_loops_corners, lemuel_crystal_altar, serial_shops,
          shop_fountains, serial_rivers, chequers_serial_rivers_room_b,
          chequers_serial_rivers_micro_b, chequers_serial_rivers_micro_e,
          chequers_serial_rivers_micro_c
D:7:      layout_basic, lemuel_crystal_altar, elyvilon_altar_5, serial_shops,
          nicolae_shop_trees, uniq_joseph
Temple:   corrupted_temple

Skill      XL: |  1  2  3  4  5  6  7  8  9 |
---------------+----------------------------+-----
Throwing       | 5 6 7 |  7.6
Long Blades    | 4 6 7 |  7.1
Fighting       | 3 4 5 |  5.0
Invocations    | 1 2 |  2.0
Dodging        | |  2.0
Stealth        | |  1.0

Action                   |  1- 3 |  4- 6 |  7- 9 || total
-------------------------+-------+-------+-------++-------
Melee: Hand axe          |    82 |   119 |       ||   201
       Short sword       |    12 |       |       ||    12
       Trident           |       |    12 |       ||    12
       Long sword        |       |   124 |   211 ||   335
Throw: Dart              |     5 |    20 |    32 ||    57
Invok: Bend Time         |       |       |     1 ||     1
 Abil: Evoke Berserk Rag |       |     3 |       ||     3
Evoke: Wand              |       |     1 |     2 ||     3
  Use: Scroll            |       |       |     7 ||     7
       Potion            |       |       |     1 ||     1
 Stab: Sleeping          |     1 |     1 |       ||     2
       Paralysed         |       |     7 |       ||     7
  Eat: Chunk             |       |    12 |     4 ||    16
       Ration            |       |       |     2 ||     2
Armor: Leather armour    |    30 |    54 |       ||    84
       Scale mail        |       |    41 |    86 ||   127
Dodge: Dodged            |    91 |   163 |    99 ||   353
       Rpst.: Long sword |       |    25 |    28 ||    53
